 Dungeon Crawl Stone Soup version 0.20-a0-522-g0b37eee (webtiles) character file.

115298 M4edhros the Blocker (level 16, -4/108 HPs)
             Began as an Octopode Artificer on Jan 25, 2017.
             Was a High Priest of Cheibriados.
             Slain by a wolf spider (15 damage)
             ... on level 4 of the Spider Nest.
             The game lasted 01:00:57 (12354 turns).

M4edhros the Blocker (Octopode Artificer)          Turns: 12354, Time: 01:00:57

Health: -4/108     AC:  3    Str: 24    XL:     16   Next: 68%
Magic:  8/35       EV: 29    Int: 24    God:    Cheibriados [*****.]
Gold:   724        SH: 17    Dex: 40    Spells: 1/28 levels left

rFire    + . .     SeeInvis +   a - +2 demon trident (vamp)
rCold    + . .     Gourm    .   G - +0 shield {reflect}
rNeg     . . .     Faith    .   Q - +0 mask of the Dragon {MR+ Slay+3 SInv}
rPois    +         Spirit   .   q - amulet of regeneration
rElec    +         Reflect  +   s - ring of protection from fire
rCorr    +         Harm     .   v - ring of resist corrosion
MR       +++..                  t - ring of Fyha {rPois rC- MP+9 Dex+10 SInv}
Stlth    +++++++...             J - -4 ring of intelligence (curse)
Regen    0.7/turn               (no ring)
                                (no ring)
                                (no ring)
                                (no ring)

@: lethally poisoned (-4 -> -5), very slightly contaminated, very slow
A: almost no armour, stealthy swim, amphibious, 8 rings, constrict 8, icy blue
scales 1, camouflage 1, clever 1, cold resistance 2, deterioration 1, magic
resistance 1, electricity resistance, gelatinous body 1, subdued magic 1
a: Bend Time, Temporal Distortion, Slouch, Step From Time, Renounce Religion


You were on level 4 of the Spider Nest.
You worshipped Cheibriados.
Cheibriados was extremely pleased with you.
You were not hungry.

You visited 5 branches of the dungeon, and saw 28 of its levels.

You collected 1779 gold pieces.
You spent 1055 gold pieces at shops.

Inventory:

Hand Weapons
 a - a +2 vampiric demon trident (weapon)
 r - a +5 trident of protection
Missiles
 k - 53 sling bullets
 z - 98 bolts (quivered)
Armour
 n - a +5 shield of fire resistance
 G - a +0 shield of reflection (worn)
 Q - the +0 mask of the Dragon (worn) {MR+ Slay+3 SInv}
   (You found it on level 6 of the Lair of Beasts)

   It affects your accuracy and damage with ranged weapons and melee attacks
   (+3).
   It affects your resistance to hostile enchantments.
   It lets you see invisible.
Jewellery
 q - an amulet of regeneration (around mantle)
 s - a ring of protection from fire (left tentacle)
 t - the ring of Fyha (on tentacle) {rPois rC- MP+9 Dex+10 SInv}
   (You bought it in a shop on level 10 of the Dungeon)

   [ring of magical power]

   It affects your dexterity (+10).
   It makes you vulnerable to cold.
   It protects you from poison.
   It affects your magic capacity (+9).
   It lets you see invisible.
 v - a ring of resist corrosion (right tentacle)
 J - a cursed -4 ring of intelligence (on tentacle)
Wands
 b - a wand of iceblast (7/15)
 i - a wand of disintegration (5/24)
 j - a wand of paralysis (11/24)
 l - a wand of disintegration (0/24)
 u - a wand of acid (8/15)
 x - a wand of disintegration (3/24)
 A - a wand of scattershot (5/9)
 F - a wand of paralysis (14/24)
 N - a wand of confusion (3/48)
 O - a wand of confusion (28/48)
 P - a wand of flame (10/48)
 X - a wand of acid (5/15)
 Y - a wand of iceblast (1/15)
Scrolls
 c - a scroll of magic mapping
 h - a scroll of blinking
 y - 3 scrolls of teleportation
 C - 2 scrolls of fog
 E - a scroll of recharging
 T - a scroll of fear
Potions
 m - 4 potions of might
 o - a potion of curing
 D - 2 potions of lignification
 I - a potion of cancellation
 M - a potion of agility
 V - a potion of degeneration {unknown}
 W - a potion of cure mutation {unknown}
 Z - 2 potions of brilliance
Books
 e - a Fen Folio

   Spells                             Type                      Level
   a - Corpse Rot                     Necromancy                   2
   b - Stone Arrow                    Conjuration/Earth            3
   c - Leda's Liquefaction            Hexes/Earth                  4
   d - Summon Forest                  Summoning/Translocation      5
   e - Hydra Form                     Transmutation                6
   f - Summon Hydra                   Summoning                    7
 g - a book of Conjurations

   Spells                             Type                      Level
   a - Magic Dart                     Conjuration                  1
   b - Searing Ray                    Conjuration                  2
   c - Dazzling Spray                 Conjuration/Hexes            3
   d - Fulminant Prism                Conjuration/Hexes            4
   e - Iskenderun's Mystic Blast      Conjuration                  4
   f - Iskenderun's Battlesphere      Conjuration/Charms           5
 B - a book of Spatial Translocations

   Spells                             Type                      Level
   a - Blink                          Translocation                2
   b - Shroud of Golubria             Charms/Translocation         2
   c - Lesser Beckoning               Translocation                3
   d - Portal Projectile              Translocation                3
   e - Teleport Other                 Translocation                3
   f - Passage of Golubria            Translocation                4
 K - a book of the Earth

   Spells                             Type                      Level
   a - Leda's Liquefaction            Hexes/Earth                  4
   b - Bolt of Magma                  Conjuration/Fire/Earth       5
   c - Statue Form                    Transmutation/Earth          6
   d - Iron Shot                      Conjuration/Earth            6
   e - Shatter                        Earth                        9
 L - a book of Geomancy

   Spells                             Type                      Level
   a - Sandblast                      Earth                        1
   b - Passwall                       Transmutation/Earth          2
   c - Stone Arrow                    Conjuration/Earth            3
   d - Petrify                        Transmutation/Earth          4
   e - Lee's Rapid Deconstruction     Earth                        5
 U - Sif Muna's Guide on Dislocation and Augmentations
   (You bought it in a shop on level 2 of the Orcish Mines)

   Spells                             Type                      Level
   a - Infusion                       Charms                       1
   b - Swiftness                      Charms/Air                   2
   c - Portal Projectile              Translocation                3
   d - Passage of Golubria            Translocation                4
   e - Iskenderun's Battlesphere      Conjuration/Charms           5
Miscellaneous
 R - a phantom mirror
 S - a lamp of fire (inert)
Comestibles
 d - 25 royal jellies
 f - 11 bread rations
 p - 7 meat rations
 H - 25 fruits


   Skills:
 - Level 9.5 Fighting
   Level 1.0 Short Blades
 - Level 10.2 Polearms
 - Level 11.5 Dodging
 - Level 11.8 Stealth
 - Level 14.6 Shields
 + Level 6.9 Spellcasting
 - Level 3.2 Hexes
 - Level 4.0 Translocations
 * Level 3.6 Transmutations
 - Level 5.1 Fire Magic
 * Level 4.9 Earth Magic
 - Level 9.4 Invocations
 - Level 8.6 Evocations


You had one spell level left.
You knew the following spells:

 Your Spells              Type           Power        Failure   Level  Hunger
a - Conjure Flame         Conj/Fire      ###.....     8%          3    None
b - Inner Flame           Hex/Fire       ###.....     4%          3    None
c - Shroud of Golubria    Chrm/Tloc      ##........   4%          2    None
d - Blink                 Tloc           N/A          1%          2    None
e - Passwall              Tmut/Erth      ###.......   1%          2    None
f - Sticky Flame          Conj/Fire      ###.....     26%         4    ###....
g - Passage of Golubria   Tloc           N/A          14%         4    ###....
h - Lee's Rapid Deconstr  Erth           ###.......   26%         5    #####..
i - Corpse Rot            Necr           N/A          12%         2    None


Dungeon Overview and Level Annotations

Branches:
Dungeon (15/15)            Temple (1/1) D:5            Lair (6/6) D:11
 Spider (4/4) Lair:2        Slime (0/5) Lair:5          Orc (2/2) D:10
 Vaults (0/5) D:13
  Swamp: Lair:2-4    Shoals: Lair:2-4       Elf: Orc:2       Depths: D:15

Altars:
Ashenzari
Cheibriados
Dithmenos
Elyvilon
Fedhas
Gozag
Kikubaaqudgha
Makhleb
Nemelex Xobeh
Qazlal
Ru
Sif Muna
Uskayaw
Xom
Yredelemnul
Zin
The Shining One
Beogh

Shops:
D:10 %?*:[   D:14 (   Orc:1 =   Orc:2 %([*

Annotations:
D:15 Sokar's ghost, journeyman DrTm
Lair:4 Mulkerokala's ghost, journeyman OgHu


Innate Abilities, Weirdness & Mutations

You cannot wear most types of armour.
You are very stealthy in the water. (Stealth+)
You are amphibious.
You can wear up to eight rings at the same time.
You can use your tentacles to constrict eight enemies at once.
Your skin changes colour to match your surroundings (Stealth+).
Your rubbery body absorbs attacks. (AC +1, EV +1)
You are partially covered in icy blue scales. (AC +2)
Your mind is acute. (Int +2)
Your flesh is very cold resistant. (rC++)
Your body sometimes deteriorates upon taking damage.
You are resistant to hostile enchantments. (MR+)
You are resistant to electric shocks. (rElec)
Your spells are a little easier to cast, but a little less powerful.


Message History

Confirm with . or Enter, or press ? or * to list all spells.
Okay, then.
Evoke which item? (* to show all) (? for menu, Esc to quit)
Okay, then.
Okay, then.
Okay, then.
Okay, then.
Casting: Conjure Flame
Confirm with . or Enter, or press ? or * to list all spells.
Okay, then.
Okay, then.
Unknown command.
Okay, then.
As you read the scroll of fear, it crumbles to dust.
You assume a fearsome visage.
The emperor scorpion looks frightened!
You feel sick.
You feel sick.
The wolf spider hisses angrily.
You block the wolf spider's attack. The wolf spider bites you!
You die...

*,,,,,,****,,....≈###*,,,,,*****,
,,,,,,**,≈****≈..^..#**,,,*** **
≈,,≈,,,,,,,,,***#...##**,,,,* *
**,,,≈≈≈≈≈≈≈,,,,#^..≈##*##.^## **
,,,,,≈≈,,≈≈≈≈≈,,#.....#*≈....###.
**,,,,≈≈≈,,,,,≈##≈..≈.#*#........
%###**,,,,≈≈####≈≈..^≈###........
.%.%}########≈≈≈≈.^.^###.........
≈....††....%.%..@s..####..≈......
......†..........#≈...#...≈......
######%.####≈.####.≈.≈..........#
#### #### ###.^...........
##...^........ #...........#
#...........# ####..^.†...#
##.........#


You could see a wolf spider.

Vanquished Creatures
  Arachne (Spider:3)
  Frances (D:12)
  Roxanne (Spider:4)
  Donald (Spider:4)
  Nessos (Lair:5)
  A frost giant (D:14)
  3 ghost moths
  An orc warlord (Orc:2)
  3 emperor scorpions
  A stone giant (D:14)
  The ghost of MirrMurr the Impaler, a journeyman TeBe of Trog (Orc:2)
  4 entropy weavers
  A spark wasp (Spider:4)
  Erolcha (Orc:2)
  8 hydras
  An ice dragon (D:14)
  A catoblepas (Lair:6)
  2 centaur warriors
  2 dancing weapons (D:13)
  Erica (Lair:2)
  An ogre mage (D:14)
  A queen ant (Spider:2)
  3 two-headed ogres
  3 orc high priests
  A spriggan (Lair:6)
  5 slime creatures (D:13)
  2 unseen horrors
  4 orc knights
  A wolf spider zombie (D:15)
  14 orb spiders
  3 ugly things
  2 cyclopes
  2 orc sorcerers (Orc:1)
  6 black mambas
  3 moths of wrath
  15 wolf spiders
  A gargoyle (D:11)
  5 spiny frogs
  A torpor snail (Lair:6)
  A rime drake (Lair:1)
  9 demonic crawlers
  3 komodo dragons
  4 trolls
  22 jumping spiders
  3 dream sheep
  9 polar bears (Lair:6)
  3 hippogriffs
  6 hornets
  2 raiju (Lair:6)
  9 blink frogs (Lair:3)
  48 redbacks
  A shadow (D:13)
  A vampire (D:12)
  A wyvern (Lair:5)
  A wraith (D:10)
  10 tarantellas
  A basilisk (Lair:5)
  25 yaks
  4 vampire mosquitoes
  Menkaure (D:5)
  9 wargs
  8 soldier ants (Spider:2)
  9 water moccasins
  An acid dragon (D:13)
  15 hell hounds (Lair:6)
  3 porcupines
  2 ice beasts
  5 sky beasts
  11 black bears (Lair:6)
  36 orc warriors
  A phantom (D:10)
  10 ogres
  3 necrophages
  7 centaurs
  39 wolves (Lair:6)
  9 crocodiles
  3 big kobolds (D:11)
  12 bullfrogs
  A gnoll sergeant (D:10)
  3 scorpions
  3 killer bees (D:7)
  9 howler monkeys
  2 wights
  An electric eel (Lair:6)
  The ghost of M4edhros the Charlatan, a weakling OpAr (D:3)
  8 crimson imps
  A bullfrog zombie (D:10)
  2 centaur zombies
  3 hounds
  6 jellies
  13 orc priests
  41 orc wizards
  3 bullfrog skeletons
  2 centaur skeletons
  4 iguanas
  33 worker ants
  A hound skeleton (D:11)
  A worker ant zombie (D:10)
  4 gnolls (D:10)
  8 adders
  3 shadow imps
  5 oozes (D:10)
  3 worms
  3 dart slugs
  4 leopard geckos
  116 orcs
  3 giant cockroaches (D:1)
  4 goblins
  2 hobgoblins (D:1)
  9 jackals
  24 kobolds
  2 quokkas
  A ball python (D:4)
  7 bats
  2 frilled lizards
  2 leopard gecko skeletons (D:4)
  A quokka skeleton (D:9)
  A quokka zombie (D:5)
  7 rats
  5 fungi
  A plant (Lair:3)
811 creatures vanquished.

Vanquished Creatures (collateral kills)
  A hydra (Lair:5)
  2 dream sheep (Lair:5)
  3 yaks (Lair:5)
  A porcupine (Lair:5)
  A wight (D:8)
  An orc wizard (D:3)
  3 adders (D:7)
  A giant cockroach (D:1)
  A hobgoblin (D:1)
  A jackal (D:8)
15 creatures vanquished.

Vanquished Creatures (others)
  An orb spider (Spider:2)
  A sky beast (D:14)
  3 fungi (Lair:5)
  6 plants (Lair:6)
11 creatures vanquished.

Grand Total: 837 creatures vanquished

Notes
Turn   | Place    | Note
-------+----------+-------------------------------------------
     0 | D:1      | M4edhros the Octopode Artificer began the quest for the Orb.
     0 | D:1      | Reached XP level 1. HP: 13/13 MP: 3/3
    90 | D:1      | Reached XP level 2. HP: 11/18 MP: 4/4
   436 | D:1      | Reached XP level 3. HP: 7/23 MP: 5/5
  1064 | D:3      | Reached skill level 5 in Stealth
  1114 | D:3      | Reached XP level 4. HP: 14/28 MP: 6/6
  1303 | D:3      | Noticed M4edhros's ghost (weakling OpAr)
  1312 | D:3      | Killed M4edhros's ghost
  1312 | D:3      | Reached XP level 5. HP: 33/33 MP: 7/7
  1518 | D:4      | Reached XP level 6. HP: 38/38 MP: 8/8
  1816 | D:5      | Entered Level 5 of the Dungeon
  2014 | D:5      | Reached skill level 10 in Stealth
  2014 | D:5      | Reached XP level 7. HP: 32/43 MP: 9/9
  2108 | D:5      | Gained mutation: You are weak. (Str -2) [potion of mutation]
  2108 | D:5      | Gained mutation: You are partially covered in icy blue scales. (AC +2) [potion of mutation]
  2108 | D:5      | Gained mutation: Your magical capacity is low. (-10% MP) [potion of mutation]
  2271 | D:5      | Found a staircase to the Ecumenical Temple.
  2280 | D:5      | Noticed Menkaure
  2285 | D:5      | Killed Menkaure
  2292 | Temple   | Entered the Ecumenical Temple
  2415 | Temple   | Became a worshipper of Cheibriados the Contemplative
  2487 | D:6      | Reached XP level 8. HP: 38/48 MP: 9/9
  2573 | D:6      | Reached skill level 1 in Polearms
  2595 | D:6      | Learned a level 3 spell: Conjure Flame
  2599 | D:6      | Learned a level 3 spell: Inner Flame
  2737 | D:6      | Reached skill level 1 in Fire Magic
  2880 | D:7      | Reached * piety under Cheibriados
  3093 | D:8      | Reached skill level 1 in Shields
  3155 | D:9      | Reached skill level 2 in Shields
  3155 | D:9      | Reached XP level 9. HP: 55/55 MP: 11/11
  3171 | D:8      | Reached ** piety under Cheibriados
  3322 | D:10     | Entered Level 10 of the Dungeon
  3335 | D:10     | Found Gostreu's Food Emporium.
  3343 | D:10     | Found Maneosor's Assorted Antiques.
  3346 | D:10     | Bought a wavering bronze ring for 155 gold pieces
  3346 | D:10     | Identified the ring of Fyha {rPois rC- MP+9 Dex+10 SInv} (You bought it in a shop on level 10 of the Dungeon)
  3347 | D:10     | wtf ring rpois dex10 sinv
  3353 | D:10     | Reached skill level 5 in Evocations
  3406 | D:10     | Found Bizythil's Book Emporium.
  3414 | D:10     | Reached skill level 3 in Shields
  3443 | D:10     | Found a staircase to the Orcish Mines.
  3569 | D:10     | Found Oposear's Armour Emporium.
  3664 | D:10     | Reached *** piety under Cheibriados
  3672 | D:10     | Found Yhetyen's Magic Scroll Shop.
  3714 | D:10     | Reached skill level 5 in Polearms
  3721 | D:10     | Bought an encrusted moonstone ring for 155 gold pieces
  3758 | D:10     | Reached skill level 4 in Shields
  3808 | D:9      | Noticed a two-headed ogre
  3821 | D:9      | Killed a two-headed ogre
  3821 | D:9      | Reached XP level 10. HP: 44/63 MP: 13/13
  4027 | D:10     | Bought a scroll of remove curse for 42 gold pieces
  4061 | D:10     | Reached skill level 5 in Shields
  4200 | D:11     | Reached **** piety under Cheibriados
  4228 | D:11     | Found a sacrificial altar of Ru.
  4257 | D:11     | Found a hide-covered altar of Uskayaw.
  4274 | D:11     | Noticed a gargoyle
  4287 | D:11     | Killed a gargoyle
  4311 | D:11     | Reached skill level 5 in Dodging
  4322 | D:11     | Noticed a purple ugly thing
  4329 | D:11     | Killed a purple ugly thing
  4329 | D:11     | Reached skill level 6 in Shields
  4357 | D:11     | Reached skill level 5 in Fighting
  4384 | D:11     | Reached ***** piety under Cheibriados
  4395 | D:11     | Lost mutation: You are weak. (Str -2) [mutagenic meat]
  4397 | D:11     | Gained mutation: You have a pair of small antennae on your head. [mutagenic meat]
  4398 | D:11     | Gained mutation: You have supernaturally acute eyesight. (SInv) [mutagenic meat]
  4440 | D:11     | Reached XP level 11. HP: 71/71 MP: 14/14
  4476 | D:11     | Found a staircase to the Lair.
  4484 | D:11     | Noticed a centaur warrior
  4487 | D:11     | Noticed a white ugly thing
  4497 | D:11     | Killed a white ugly thing
  4507 | D:11     | Killed a centaur warrior
  4507 | D:11     | Reached skill level 7 in Shields
  4516 | D:11     | Gained mutation: You expend magic power (3 MP) to strengthen your wands. [mutagenic meat]
  4517 | D:11     | Gained mutation: Your muscles are strong. (Str +2) [mutagenic meat]
  4526 | Lair:1   | Entered Level 1 of the Lair of Beasts
  4542 | Lair:1   | Noticed a four-headed hydra
  4552 | Lair:1   | Killed a four-headed hydra
  4565 | Lair:1   | Learned a level 2 spell: Shroud of Golubria
  4568 | Lair:1   | Learned a level 2 spell: Blink
  4604 | Lair:1   | Noticed a four-headed hydra
  4619 | Lair:1   | Killed a four-headed hydra
  4619 | Lair:1   | Reached skill level 1 in Translocations
  4643 | Lair:2   | Noticed Erica
  4653 | Lair:2   | Killed Erica
  4714 | Lair:2   | Noticed a six-headed hydra
  4732 | Lair:2   | Killed a six-headed hydra
  4936 | Lair:2   | Found a hole to the Spider Nest.
  4961 | Lair:2   | Reached skill level 8 in Shields
  5075 | Lair:3   | Reached XP level 12. HP: 73/79 MP: 16/16
  5399 | Lair:4   | Noticed Mulkerokala's ghost (journeyman OgHu)
  5434 | Lair:3   | Found a glowing silver altar of Zin.
  5460 | Lair:3   | Reached skill level 1 in Hexes
  5535 | Lair:4   | Reached skill level 9 in Shields
  5540 | Lair:4   | Noticed a four-headed hydra
  5555 | Lair:4   | Killed a four-headed hydra
  5582 | Lair:4   | Found a shimmering altar of Xom.
  5646 | Lair:4   | Noticed an eight-headed hydra
  5656 | Lair:4   | Killed an eight-headed hydra
  5656 | Lair:4   | Reached ****** piety under Cheibriados
  5671 | Lair:5   | Noticed an eight-headed hydra
  5676 | Lair:5   | Noticed Nessos
  5746 | Lair:5   | Killed an eight-headed hydra
  5775 | Lair:5   | Killed Nessos
  5818 | Lair:5   | Found a staircase to the Slime Pits.
  5841 | Lair:5   | Reached skill level 10 in Polearms
  6005 | Lair:5   | Noticed a four-headed hydra
  6018 | Lair:5   | Reached skill level 5 in Fire Magic
  6022 | Lair:5   | Reached XP level 13. HP: 63/86 MP: 15/17
  6087 | Lair:6   | Entered Level 6 of the Lair of Beasts
  6146 | Lair:6   | Reached skill level 1 in Invocations
  6258 | Lair:6   | Reached skill level 5 in Invocations
  6302 | Lair:6   | Learned a level 2 spell: Passwall
  6361 | Lair:6   | Lost mutation: You expend magic power (3 MP) to strengthen your wands. [potion of mutation]
  6361 | Lair:6   | Lost mutation: You have supernaturally acute eyesight. (SInv) [potion of mutation]
  6746 | Lair:6   | Reached skill level 10 in Shields
  7138 | D:10     | Bought a scroll of enchant armour for 105 gold pieces
  7138 | D:10     | Bought a scroll of teleportation for 42 gold pieces
  7138 | D:10     | Bought a scroll of fear for 49 gold pieces
  7138 | D:10     | Bought a scroll of blinking for 105 gold pieces
  7138 | D:10     | Bought a scroll of teleportation for 42 gold pieces
  7233 | Orc:1    | Entered Level 1 of the Orcish Mines
  7352 | Orc:1    | Reached XP level 14. HP: 92/92 MP: 18/18
  7411 | Orc:2    | Entered Level 2 of the Orcish Mines
  7434 | Orc:2    | Reached skill level 11 in Shields
  7490 | Orc:2    | Noticed MirrMurr's ghost (journeyman TeBe)
  7501 | Orc:1    | Found Yczeury's Jewellery Boutique.
  7549 | Orc:2    | Killed MirrMurr's ghost
  7570 | Orc:2    | Found a roughly hewn altar of Beogh.
  7595 | Orc:2    | Found a roughly hewn altar of Beogh.
  7595 | Orc:2    | Found Nikhlaxo's Food Shoppe.
  7661 | Orc:2    | Found a roughly hewn altar of Beogh.
  7729 | Orc:2    | Found a roughly hewn altar of Beogh.
  7738 | Orc:2    | Found Sumienn's Assorted Antiques.
  7782 | Orc:2    | Found a roughly hewn altar of Beogh.
  7875 | Orc:2    | Found a roughly hewn altar of Beogh.
  7885 | Orc:2    | Found a roughly hewn altar of Beogh.
  7995 | Orc:2    | Noticed Erolcha
  8010 | Orc:2    | Killed Erolcha
  8010 | Orc:2    | Reached skill level 12 in Shields
  8095 | Orc:2    | Noticed an orc warlord
  8105 | Orc:2    | Killed an orc warlord
  8106 | Orc:2    | Found Umax's Antique Armour Emporium.
  8109 | Orc:2    | Found a roughly hewn altar of Beogh.
  8158 | Orc:2    | Found Degiclehulu's Antique Weapon Shoppe.
  8459 | Orc:2    | Bought a yellowed book for 360 gold pieces
  8459 | Orc:2    | Identified Sif Muna's Guide on Dislocation and Augmentations (You bought it in a shop on level 2 of the Orcish Mines)
  8698 | D:12     | Reached skill level 1 in Spellcasting
  8721 | D:12     | Gained mutation: Your spells are a little easier to cast, but a little less powerful. [mutagenic meat]
  8723 | D:12     | Gained mutation: Your body sometimes deteriorates upon taking damage. [mutagenic meat]
  8726 | D:12     | Lost mutation: Your magical capacity is low. (-10% MP) [mutagenic meat]
  8881 | D:12     | Noticed Frances
  8896 | D:12     | Killed Frances
  8904 | D:12     | Reached skill level 13 in Shields
  9067 | D:12     | Found a runed door.
  9150 | D:12     | Found a roughly hewn altar of Beogh.
  9381 | D:13     | Found a gate to the Vaults.
  9447 | D:13     | Reached skill level 5 in Spellcasting
  9624 | D:14     | Gained mutation: Your flesh is heat resistant. (rF+) [potion of mutation]
  9624 | D:14     | Lost mutation: Your flesh is heat resistant. (rF+) [potion of mutation]
  9863 | D:14     | Found Hipp's Weapon Shoppe.
  9907 | D:14     | Reached XP level 15. HP: 97/97 MP: 24/24
  9956 | D:14     | Gained mutation: Your flesh is cold resistant. (rC+) [mutagenic meat]
  9958 | D:14     | Gained mutation: You are resistant to electric shocks. (rElec) [mutagenic meat]
  9959 | D:14     | Gained mutation: Your mind is acute. (Int +2) [mutagenic meat]
 10033 | D:14     | Noticed a frost giant
 10119 | D:14     | Killed a frost giant
 10229 | D:15     | Entered Level 15 of the Dungeon
 10245 | D:15     | Noticed Sokar's ghost (journeyman DrTm)
 10419 | Spider:1 | Entered Level 1 of the Spider Nest
 10708 | Spider:2 | Reached skill level 14 in Shields
 10935 | Spider:2 | Reached skill level 10 in Dodging
 11271 | Spider:3 | Noticed Arachne
 11304 | Spider:3 | Killed Arachne
 11304 | Spider:3 | Reached XP level 16. HP: 86/107 MP: 26/26
 11429 | Spider:4 | Entered Level 4 of the Spider Nest
 11666 | Spider:3 | Learned a level 4 spell: Sticky Flame
 11671 | Spider:3 | Learned a level 4 spell: Passage of Golubria
 11677 | Spider:3 | Learned a level 5 spell: Lee's Rapid Deconstruction
 11682 | Spider:3 | Gained mutation: Your flesh is very cold resistant. (rC++) [potion of mutation]
 11682 | Spider:3 | Lost mutation: Your muscles are strong. (Str +2) [potion of mutation]
 11682 | Spider:3 | Gained mutation: You are resistant to hostile enchantments. (MR+) [potion of mutation]
 11774 | Spider:3 | Reached skill level 1 in Earth Magic
 11914 | Spider:3 | Lost mutation: You have a pair of small antennae on your head. [mutagenic meat]
 11928 | Spider:3 | Learned a level 2 spell: Corpse Rot
 11952 | Spider:4 | Noticed Roxanne
 11986 | Spider:4 | Noticed Donald
 11993 | Spider:4 | Killed Donald
 12022 | Spider:4 | nice, reflection shield, vampiric demon trident and roxanne
 12076 | Spider:4 | Killed Roxanne
 12146 | Spider:4 | Reached skill level 1 in Transmutations
 12354 | Spider:4 | Slain by a wolf spider

Vault maps used:
D:1:      minmay_arrival_arboretum_small, minmay_misc_feat_enclosed
D:2:      hangedman_decor_peaks_small, st_stairs_9, grunt_ministairs_11,
          uniq_iyjb, uniq_jessica, uniq_crazy_yiuf_cottage
D:3:      first_bread, kennysheep_generic_room_2
D:5:      minmay_temple_entry_overgrown, uniq_menkaure
D:6:      grunt_temple_overflow_diamond, serial_glass, glass_columns_b,
          glass_columns_a, due_unseen_surprise, item_on_display_a,
          minmay_strange_pillars, serial_shops, nicolae_shop_behind_doors,
          hangedman_abyss_or_decor_passed
D:7:      nicolae_overflow_crystal_walls, basic_altar, uniq_joseph
D:10:     orc_0_dummy, serial_shops, shop, kennysheep_mini_moat, shop,
          shop_statue, nicolae_shop_behind_doors, hangedman_little_slice_of_home
D:11:     erik_lair_orcish_takeover, basic_altar, nicolae_ru_path_of_blood
D:12:     wad_cavern_with_rooms, lightli_church_of_beogh, uniq_frances
D:13:     erik_vaults_1
D:14:     minmay_outward_triangles, serial_park_gazebo, serial_shops, shop,
          spider_trap, minmay_tree_intersection, minivault_19
D:15:     grunt_enter_depths_magical_seal, minmay_misc_feat_ornament,
          minmay_misc_feat_cross, uniq_josephine, uniq_louise, uniq_kirke
Temple:   minmay_crystal_spiral_temple
Lair:2:   dummy_spider_entry, uniq_erica
Lair:3:   nicolae_swamp_entry_splash_gauntlet, basic_altar, pond
Lair:4:   basic_altar, minivault_25, hangedman_lair_generics_rect,
          serial_bayou_shore_b
Lair:5:   slime_dummy, uniq_nessos
Lair:6:   hangedman_lair_caniforms_friends, grunt_forest_large_clearings,
          serial_bayou_shore_b
Spider:1: nicolae_spider_hall_of_the_moth_king
Spider:2: minmay_another_anthill
Spider:3: spider_trap, spiders_nest_spider_trap, uniq_arachne
Spider:4: grunt_spider_rune_circles, nicolae_spider_webs_and_nodes,
          uniq_roxanne, uniq_asterion, uniq_donald
Orc:1:    serial_shops, nicolae_shop_window_shopping
Orc:2:    grunt_orc_community_town_hall, grunt_orc_community_big_house_2,
          grunt_orc_community_big_house_1, grunt_orc_community_house_3,
          grunt_orc_community_house_2, grunt_orc_community_house_3,
          grunt_orc_community_house_1, grunt_orc_community_house_3,
          grunt_orc_community_house_1, uniq_erolcha

Skill      XL: |  1  2  3  4  5  6  7  8  9 10 11 12 13 14 15 16 |
---------------+-------------------------------------------------+-----
Stealth        | 3 4 5 6 8 10 11 | 11.8
Polearms       | 3 5 7 9 10 | 10.2
Fire Magic     | 3 5 |  5.1
Fighting       | 2 4 5 6 7 8 9 |  9.5
Evocations     | 4 5 6 7 8 |  8.6
Shields        | 2 4 6 8 9 10 13 14 | 14.6
Dodging        | 3 4 5 6 7 10 11 | 11.5
Translocations | 2 3 4 |  4.0
Hexes          | 2 3 |  3.2
Invocations    | 9 |  9.4
Spellcasting   | 6 |  6.9
Earth Magic    | 4 |  4.9
Transmutations | 3 |  3.6
Short Blades   | |  1.0

Action                   |  1- 3 |  4- 6 |  7- 9 | 10-12 | 13-15 | 16-18 || total
-------------------------+-------+-------+-------+-------+-------+-------++-------
Melee: Short sword       |    71 |       |       |       |       |       ||    71
       Constrict         |    18 |    24 |    44 |    68 |   178 |    34 ||   366
       Tentacles         |    11 |    17 |    49 |   166 |   423 |    80 ||   746
       Trident           |       |   101 |   245 |   397 |  1086 |   133 ||  1962
       Demon trident     |       |       |       |       |       |    76 ||    76
 Cast: Conjure Flame     |       |       |       |       |     1 |     5 ||     6
       Shroud of Golubri |       |       |       |       |     1 |       ||     1
       Corpse Rot        |       |       |       |       |       |     3 ||     3
       Sticky Flame      |       |       |       |       |       |     2 ||     2
       Passwall          |       |       |       |       |       |     2 ||     2
       Passage of Golubr |       |       |       |       |       |     1 ||     1
Invok: Slouch            |       |       |       |       |    26 |     7 ||    33
Evoke: Wand              |     7 |     5 |    21 |    14 |    25 |    15 ||    87
       Lamp of fire      |       |       |       |       |     1 |     1 ||     2
  Use: Scroll            |       |    10 |    10 |    10 |    16 |     4 ||    50
       Potion            |       |       |     4 |       |     7 |     6 ||    17
 Stab: Sleeping          |    14 |     8 |    20 |    15 |    55 |     4 ||   116
       Distracted        |       |       |     2 |     8 |    16 |     3 ||    29
       Confused          |       |       |    11 |    16 |    12 |       ||    39
       Paralysed         |       |       |       |       |     9 |       ||     9
  Eat: Chunk             |     1 |     2 |     6 |    10 |    25 |     5 ||    49
       Royal jelly       |       |       |       |       |     1 |       ||     1
       Bread ration      |       |       |       |       |       |     2 ||     2
Armor: Skin              |     9 |    22 |    40 |    36 |    53 |    14 ||   174
Dodge: Dodged            |    40 |    74 |   113 |   141 |   455 |   162 ||   985
Block: Shield            |       |       |    72 |   214 |   900 |   213 ||  1399
       Reflection        |       |       |       |       |       |     2 ||     2
